 Dungeon Crawl Stone Soup version 0.25-a0-55-g0753fd1ad2 (webtiles) character file.

Game seed: 9531187496304524296, levelgen mode: deterministic

2028 Gumption the Covert (level 9, -4/53 HPs)
             Began as an Octopode Transmuter on Oct 25, 2019.
             Was a Believer of Makhleb.
             Slain by Sondor's ghost (12 damage)
             ... on level 4 of the Dungeon.
             The game lasted 02:22:47 (10418 turns).

Gumption the Covert (Octopode Transmuter)          Turns: 10418, Time: 02:22:48

Health: -4/53      AC:  1    Str:  9    XL:     9   Next: 23%
Magic:  15/15      EV: 15    Int: 19    God:    Makhleb [**....]
Gold:   340        SH:  0    Dex: 12    Spells: 6/16 levels left

rFire    . . .     SeeInvis +   a - +3 dagger (venom)
rCold    . . .     Gourm    .   (no shield)
rNeg     + . .     Faith    .   (helmet restricted)
rPois    .         Spirit   .   l - amulet of rage
rElec    .         Reflect  .   m - ring of flight
rCorr    .         Harm     .   x - ring of see invisible
MR       .....                  z - ring of positive energy
Stlth    +++++.....             (no ring)
HPRegen  0.17/turn              (no ring)
MPRegen  0.14/turn              (no ring)
                                (no ring)
                                (no ring)

@: berserk cooldown, slowed, very slow
A: almost no armour, stealthy swim, amphibious, 8 rings, constrict 8, camouflage
1, gelatinous body 1
a: Minor Destruction, Renounce Religion, Evoke Berserk Rage, Evoke Flight


You were on level 4 of the Dungeon.
You worshipped Makhleb.
Makhleb was pleased with you.
You were hungry.

You visited 2 branches of the dungeon, and saw 8 of its levels.

You collected 340 gold pieces.

Inventory:

Hand Weapons
 a - a +3 dagger of venom (weapon)
 b - a +0 hand crossbow
Missiles
 f - 302 stones
 h - 73 arrows
 r - 13 bolts
 C - 4 curare-tipped darts (quivered)
Armour
 i - a +0 shield
Jewellery
 c - an uncursed amulet of regeneration
 l - an amulet of rage (around mantle)
 m - a ring of flight (left tentacle)
 x - a ring of see invisible (right tentacle)
 z - a ring of positive energy (on tentacle)
Wands
 n - a wand of scattershot (5)
 y - a wand of enslavement (9)
Scrolls
 g - 2 scrolls of enchant weapon
 p - a scroll of fear
 s - 3 scrolls of teleportation
 v - 3 scrolls of remove curse
Potions
 j - 3 potions of curing
 k - a potion of ambrosia
 o - 2 potions of flight
 q - 5 potions of might
 t - a potion of berserk rage
 u - a potion of resistance
 w - a potion of cancellation
 A - a potion of mutation {unknown}
 B - a potion of invisibility {unknown}
Comestibles
 e - 6 rations


   Skills:
 - Level 1.0 Fighting
 + Level 5.4 Dodging
 + Level 8.0 Stealth
 * Level 3.9 Shields
 - Level 3.0 Unarmed Combat
 - Level 4.0 Spellcasting
 + Level 4.1 Hexes
 - Level 5.0 Transmutations
 - Level 3.0 Poison Magic


You had 6 spell levels left.
You knew the following spells:

 Your Spells              Type           Power        Failure   Level  Hunger
a - Beastly Appendage     Tmut           ###...       1%          1    None
b - Sticks to Snakes      Tmut           ###.....     2%          2    ##.....
c - Spider Form           Tmut/Pois      ###.......   8%          3    ###....
d - Confuse               Hex            ###.....     8%          3    ###....
e - Animate Skeleton      Necr           N/A          14%         1    None

Your spell library contained the following spells:

 Spells                   Type           Power        Failure   Level  Hunger
 Confusing Touch          Hex            ###...       2%          1    None
 Apportation              Tloc           #.....       14%         1    None
 Summon Small Mammal      Summ           #...         14%         1    None
 Gell's Gravitas          Tloc           #.........   38%         3    ###....
 Ice Form                 Ice/Tmut       ##......     43%         4    ####...
 Petrify                  Tmut/Erth      ##......     43%         4    ####...
 Blade Hands              Tmut           ###.......   43%         5    ######.
 Yara's Violent Unravell  Hex/Tmut       ###.......   50%         5    ######.
 Metabolic Englaciation   Hex/Ice        ##........   85%         5    ######.


Dungeon Overview and Level Annotations

Branches:
Dungeon (7/15)             Temple (1/1) D:4

Altars:
Ashenzari
Cheibriados
Dithmenos
Fedhas
Gozag
Hepliaklqana
Kikubaaqudgha
Makhleb
Nemelex Xobeh
Okawaru
Qazlal
Ru
Sif Muna
Trog
Vehumet
Wu Jian
Xom
Yredelemnul
Zin
The Shining One

Shops:
D:6 *

Annotations:
D:4 Duvessa; Sondor's ghost, amateur DsCK


Innate Abilities, Weirdness & Mutations

You cannot wear most types of armour.
You are very stealthy in the water. (Stealth+)
You are amphibious.
You can wear up to eight rings at the same time.
You can use your tentacles to constrict eight enemies at once.
Your skin changes colour to match your surroundings (Stealth+).
Your rubbery body absorbs attacks. (AC +1, EV +1)


Message History

The kobold barely misses you.
You closely miss the kobold. Your grab misses the kobold.
Your tentacle spike misses the kobold.
The kobold closely misses you.
You completely miss the kobold. You grab the kobold.
You pierce the kobold.
You kill the kobold!
Makhleb accepts your kill.
Your tentacle spike disappears.
Sondor's ghost stares at you.
The kobold hits you with a +2 dagger of distortion.
You blink.
Sondor's ghost hits you!
* * * LOW HITPOINT WARNING * * *
As you read the scroll of fear, it crumbles to dust.
You assume a fearsome visage.
The kobold looks frightened!
Sondor's ghost is unaffected.
The kobold looks frightened!
The kobold starts to cry.
Sondor's ghost hits you.
* * * LOW HITPOINT WARNING * * *
You closely miss Sondor's ghost. Sondor's ghost completely misses you.
Sondor's ghost hits you!
You die...

.....#............######
...###..#.#.##..###.)$##
.#.###..#.#.##..##.....##
.#........#.###.#≈.#.#.≈#
.#..##....#.# #.#⌠.#.#.⌠#
....##......# #K#≈.#.#.≈#
###.#####.### #.##)....###
......# #.#####..##))'##.#
......###.#K..†W@........#
..........##.##......#####
..#......###.##.######
..###.##.# #.##.#
.......#.# #.##.#
..####.#.# #.##.# ###
#...###.#<.#
######......#..#####
##...##..#####......#


You could see Sondor's ghost and 2 kobolds.

Vanquished Creatures
  Grinder (D:3)
  A sky beast (D:6)
  2 orc warriors (D:6)
  A black bear (D:6)
  An ogre (D:4)
  3 big kobolds
  5 wights
  3 crimson imps
  3 orc priests
  A hound (D:7)
  A jelly (D:6)
  Natasha (thrice) (D:3)
  7 orc wizards
  4 worker ants
  Ijyb (D:5)
  A mummy (D:6)
  2 gnolls (D:6)
  A howler monkey skeleton (D:7)
  13 adders
  2 oozes
  5 worms
  A dart slug (D:4)
  4 leopard geckos
  17 orcs
  9 bats
  7 giant cockroaches
  5 goblins
  5 hobgoblins
  11 jackals
  A quokka (D:5)
  6 frilled lizards
  A jackal skeleton (D:4)
  14 kobolds
  A leopard gecko zombie (D:6)
  13 rats
  A spectral orc (D:7)
157 creatures vanquished.

Vanquished Creatures (collateral kills)
  A bullfrog (D:6)
  2 orc wizards (D:4)
  An orc (D:6)
  A frilled lizard (D:5)
  3 kobolds
8 creatures vanquished.

Vanquished Creatures (others)
  An orc wizard (D:2)
  An orc (D:2)
  A fungus (D:4)
  3 plants (D:4)
6 creatures vanquished.

Grand Total: 171 creatures vanquished

Notes
Turn   | Place    | Note
-------+----------+-------------------------------------------
     0 | D:1      | Gumption the Octopode Transmuter began the quest for the
                  | Orb.
     0 | D:1      | Reached XP level 1. HP: 13/13 MP: 3/3
   126 | D:1      | Reached skill level 1 in Stealth
   205 | D:1      | Reached XP level 2. HP: 18/18 MP: 3/5
   210 | D:1      | Learned a level 2 spell: Sticks to Snakes
   520 | D:1      | Reached skill level 2 in Stealth
   719 | D:1      | Reached XP level 3. HP: 21/23 MP: 6/6
   741 | D:1      | Learned a level 3 spell: Spider Form
  1305 | D:2      | Reached skill level 3 in Stealth
  1305 | D:2      | Reached XP level 4. HP: 28/28 MP: 5/7
  1306 | D:2      | Found a burning altar of Makhleb.
  1311 | D:2      | Became a worshipper of Makhleb the Destroyer
  1604 | D:2      | Found a stormy altar of Qazlal.
  1622 | D:2      | Reached skill level 4 in Stealth
  1622 | D:2      | Reached XP level 5. HP: 25/33 MP: 7/9
  2078 | D:3      | Found a bloodstained altar of Trog.
  2147 | D:3      | Noticed Natasha
  2378 | D:3      | Killed Natasha
  2489 | D:3      | Found a sparkling altar of Nemelex Xobeh.
  2489 | D:3      | Found an opulent altar of Gozag.
  2628 | D:3      | Noticed Grinder
  2700 | D:3      | Noticed Natasha
  2708 | D:3      | Killed Natasha
  2708 | D:3      | Reached skill level 5 in Stealth
  2708 | D:3      | Reached XP level 6. HP: 31/38 MP: 8/10
  2716 | D:3      | Learned a level 3 spell: Confuse
  2723 | D:3      | Reached * piety under Makhleb
  3305 | D:3      | Noticed Natasha
  3310 | D:3      | Killed Natasha
  3748 | D:4      | Found a staircase to the Ecumenical Temple.
  3776 | Temple   | Entered the Ecumenical Temple
  3889 | D:4      | Reached skill level 1 in Hexes
  4083 | D:4      | Found a runed translucent gate.
  4085 | D:4      | Found a runed translucent gate.
  4086 | D:4      | Found a runed translucent gate.
  4089 | D:4      | Noticed Sondor's ghost (amateur DsCK)
  4133 | D:4      | Reached XP level 7. HP: 43/43 MP: 10/12
  4977 | D:4      | Noticed Duvessa
  5172 | D:5      | Entered Level 5 of the Dungeon
  5183 | D:5      | Reached skill level 6 in Stealth
  5979 | D:5      | Noticed Ijyb
  5984 | D:5      | Killed Ijyb
  6133 | D:5      | Found a shimmering blue altar of Sif Muna.
  6399 | D:6      | Found a snail-covered altar of Cheibriados.
  6693 | D:6      | Reached XP level 8. HP: 29/48 MP: 14/14
  7043 | D:6      | Reached ** piety under Makhleb
  7354 | D:6      | Found Zin's Purification Station.
  7357 | D:6      | Found a glowing silver altar of Zin.
  7441 | D:6      | Learned a level 1 spell: Animate Skeleton
  7675 | D:6      | Found a shattered altar of Ashenzari.
  7688 | D:6      | Reached skill level 7 in Stealth
  7688 | D:6      | Reached skill level 1 in Shields
  7688 | D:6      | Reached skill level 1 in Poison Magic
  8215 | D:6      | Found an iron altar of Okawaru.
  8368 | D:7      | Found a basalt altar of Yredelemnul.
  8862 | D:6      | HP: 1/48 [wight/+4 falchion of freezing (3)]
  9361 | D:7      | Reached skill level 5 in Dodging
  9361 | D:7      | Reached skill level 5 in Transmutations
  9942 | D:7      | Reached XP level 9. HP: 53/53 MP: 6/15
 10274 | D:3      | Killed Grinder
 10404 | D:4      | Reached skill level 8 in Stealth
 10418 | D:4      | Slain by Sondor's ghost

Levels and vault maps discovered:
D:1:      shiori_arrival_oz, layout_basic
D:2:      layout_loops_ring, grunt_qazlal_clouds, marbit_many_paths
D:3:      layout_loops_ring, grunt_temple_overflow_opulence,
          gup_sewer_entry_spiral, first_ration, skrybe_limestone_x,
          trog_three_pillars_becter, uniq_natasha, uniq_grinder
D:4:      minmay_skewed_foursquare, layout_basic, minmay_temple_entry_tees,
          gammafunk_ghost_nasty_kobolds, uniq_duvessa
D:5:      layout_loops_ring, lemuel_coloured_pillars_altar, uniq_ijyb
D:6:      layout_basic, zin_purify, kennysheep_mini_moat,
          okawaru_altar_gauntlet_db, slow_altar_2
D:7:      layout_loops_ring, lemuel_crystal_altar, overflow_temple_1_default,
          yredelemnul_forgotten_temple_becter, minmay_strange_pillars,
          uniq_joseph, uniq_pikel
Temple:   eino_wide_crystal_templ

Table legend:
 A = Non-vault XP
 B = Vault XP
 C = Vault XP percentage of total XP
 D = Non-vault monster count
 E = Vault monster count
 F = Vault count percentage of total count
                 A         B        C        D         E       F
            +---------+---------+-------+---------+---------+-------
      Total |    2220 |     678 |  23.4 |     135 |      30 |  18.2
            +---------+---------+-------+---------+---------+-------
        D:1 |      34 |       0 |   0.0 |      22 |       0 |   0.0
        D:2 |     175 |      13 |   6.9 |      26 |       1 |   3.7
        D:3 |     194 |     332 |  63.1 |      23 |       9 |  28.1
        D:4 |     287 |     246 |  46.2 |       9 |      11 |  55.0
        D:5 |     100 |      35 |  25.9 |       7 |       1 |  12.5
        D:6 |     976 |      51 |   5.0 |      35 |       7 |  16.7
        D:7 |     454 |       1 |   0.2 |      13 |       1 |   7.1
            +---------+---------+-------+---------+---------+-------
